 Dungeon Crawl Stone Soup version 0.17.1-3-g152610e (webtiles) character file.

420 Breadlance the Shield-Bearer (level 6, -2/37 HPs)
             Began as a Gargoyle Fighter on Apr 9, 2016.
             Was a Believer of Trog.
             Slain by a gnoll shaman
             ... wielding a +0 club
              (4 damage)
             ... on level 3 of the Dungeon.
             The game lasted 00:04:16 (2450 turns).

Breadlance the Shield-Bearer (Gargoyle Fighter)     Turns: 2450, Time: 00:04:17

Health: -2/37      AC: 13    Str: 22    XL:     6   Next: 94%
Magic:  6/6        EV:  8    Int:  8    God:    Trog [**....]
Gold:   107        SH: 10    Dex:  9    Spells: 0 memorised, 5 levels left

rFire  . . .     SeeInvis .     v - +2 flail (holy)
rCold  . . .     Clarity  .     b - +0 scale mail
rNeg   + . .     SustAt   .     c - +0 shield
rPois  ∞         Gourm    .     (no helmet)
rElec  +         Spirit   .     (no cloak)
rCorr  .         Warding  .     n - +0 pair of gloves
rMut   .         Stasis   .     (no boots)
MR     .....                    (no amulet)
Stlth  ..........               (no ring)
                                (no ring)

@: exhausted, slowed, very slow, not resistant to hostile enchantments,
extremely unstealthy
A: negative energy resistance 1, electricity resistance, unbreathing,
petrification resistance, rot immunity, AC +4
a: Berserk, Trog's Hand, Burn Spellbooks, Renounce Religion


You were on level 3 of the Dungeon.
You worshipped Trog.
Trog was pleased with you.
You were not hungry.

You visited 1 branch of the dungeon, and saw 3 of its levels.

You collected 107 gold pieces.

Inventory:

Hand Weapons
 v - a +2 flail of holy wrath (weapon)
Armour
 b - a +0 scale mail (worn)
 c - a +0 shield (worn)
 n - a +0 pair of gloves (worn)
Jewellery
 t - an uncursed ring of protection from fire {unknown}
Scrolls
 g - 3 scrolls of immolation {unknown}
 h - 3 scrolls of identify {unknown}
 j - a scroll of random uselessness {unknown}
 k - a scroll of remove curse {unknown}
 m - a scroll of enchant weapon {unknown}
 q - a scroll of fear {unknown}
Potions
 i - a potion of ambrosia {unknown}
 l - 2 potions of degeneration {unknown}
 o - a potion of agility {unknown}
 p - 2 potions of brilliance {unknown}
 s - a potion of might
 u - 2 potions of resistance {unknown}
Books
 r - a Necronomicon

   Spells                             Type                      Level
   a - Haunt                          Necromancy/Summoning         7
   b - Borgnjor's Revivification      Necromancy                   8
   c - Death's Door                   Charms/Necromancy            8
   d - Necromutation                  Transmutation/Necromancy     8
   Trog disapproves of the use of such an item.


   Skills:
 + Level 3.6 Fighting
 + Level 2.6 Maces & Flails
 * Level 5.2 Armour
 * Level 2.4 Dodging
 * Level 5.5 Shields


You had 5 spell levels left.
You didn't know any spells.

Dungeon Overview and Level Annotations

Branches:
Dungeon (3/15)

Altars:
Dithmenos
Fedhas
Okawaru
Ru
Trog
Xom


Innate Abilities, Weirdness & Mutations

You are resistant to torment.
Your stone body is resilient (AC +4).
You are immune to poison.
You resist negative energy.
You are resistant to electric shocks.
You can survive without breathing.
You are immune to petrification.
You are immune to rotting.


Message History

The gnoll hits you from afar with a spear.
* * * LOW HITPOINT WARNING * * *
The gnoll shaman hits you but does no damage.
The gnoll hits you from afar with a spear.
* * * LOW HITPOINT WARNING * * *
The giant newt closely misses you.
Read which item? (? for menu, Esc to quit)
As you read the scroll labeled QEDDOD YFF, it crumbles to dust.
You hear a loud clanging noise!
It was a scroll of noise.
You hear a shout! x7
You hear a bark! x2
You hear a shout!
You hear a bark!
You hear a bark!
You hear a bark!
You hear a shout! x3
You hear an angry hiss.
You hear a shout!
You hear a shout!
The gnoll hits you from afar with a halberd.
* * * LOW HITPOINT WARNING * * *
You block the gnoll shaman's attack. The gnoll barely misses you.
The gnoll closely misses you. The gnoll shaman hits you with a club.
You die...

## .. g .########
........#
#..g.....
#)lg.....
#@gg....#
#g############
#.......'....+
#.......#)÷..#
#.......#....#
#########''''#####
.................
≈≈≈≈≈≈≈≈....≈≈≈≈≈
≈≈≈≈≈≈†≈....≈≈≈≈≈


You could see 2 gnoll shamans, 4 gnolls and a giant newt.

Vanquished Creatures
  An ogre (D:3)
  2 gnoll shamans (D:3)
  Jessica (D:3)
  Terence (D:2)
  Natasha (twice) (D:3)
  12 gnolls
  2 adders (D:3)
  2 giant geckos
  An orc (D:3)
  A giant cockroach (D:3)
  4 hobgoblins
  11 bats
  3 giant newts
  9 goblins
  5 jackals (D:3)
  10 kobolds
  5 rats
72 creatures vanquished.

Notes
Turn   | Place    | Note
--------------------------------------------------------------
     0 | D:1      | Breadlance the Gargoyle Fighter began the quest for the Orb.
     0 | D:1      | Reached XP level 1. HP: 14/14 MP: 1/1
   452 | D:1      | Reached XP level 2. HP: 19/19 MP: 2/2
   871 | D:2      | Found a blossoming altar of Fedhas.
   874 | D:2      | Found a shadowy altar of Dithmenos.
   887 | D:2      | Found a shimmering altar of Xom.
   899 | D:2      | Found a sacrificial altar of Ru.
   972 | D:2      | Reached XP level 3. HP: 23/23 MP: 3/3
  1206 | D:2      | Noticed Terence
  1212 | D:2      | Killed Terence
  1212 | D:2      | Reached skill level 4 in Armour
  1217 | D:2      | Found an iron altar of Okawaru.
  1217 | D:2      | Found a bloodstained altar of Trog.
  1302 | D:2      | Became a worshipper of Trog the Wrathful
  1561 | D:3      | Reached XP level 4. HP: 28/28 MP: 4/4
  1573 | D:3      | Reached skill level 1 in Dodging
  1914 | D:3      | Noticed Jessica
  1921 | D:3      | Killed Jessica
  1921 | D:3      | Reached XP level 5. HP: 30/32 MP: 5/5
  1927 | D:3      | Reached * piety under Trog
  1929 | D:3      | Noticed Natasha
  1948 | D:3      | Killed Natasha
  1953 | D:3      | Noticed Natasha
  1964 | D:3      | Killed Natasha
  2105 | D:3      | Reached skill level 5 in Shields
  2143 | D:3      | Reached XP level 6. HP: 9/37 MP: 6/6
  2146 | D:3      | Reached skill level 5 in Armour
  2433 | D:3      | Noticed an ogre
  2441 | D:3      | Killed an ogre
  2441 | D:3      | Reached ** piety under Trog
  2450 | D:3      | Slain by a gnoll shaman

Action                   |  1- 3 |  4- 6 || total
-------------------------+-------+-------++-------
Melee: Flail             |   121 |   167 ||   288
Invok: Berserk           |       |     1 ||     1
  Use: Potion            |       |     2 ||     2
       Scroll            |       |     1 ||     1
  Eat: Bread ration      |     1 |     1 ||     2
